 Dungeon Crawl Stone Soup version 0.24.0-10-g970556be89 (webtiles) character file.

Game seed: 12696019248421196895, levelgen mode: deterministic

448 Delamore the Cleaver (level 7, -7/60 HPs)
             Began as a Hill Orc Monk on Nov 4, 2019.
             Was a Believer of Beogh.
             Mangled by an orc
             ... wielding a +0 morningstar
              (8 damage)
             ... on level 4 of the Dungeon.
             The game lasted 00:08:07 (3315 turns).

Delamore the Cleaver (Hill Orc Monk)                Turns: 3315, Time: 00:08:08

Health: -7/60      AC:  7    Str: 16    XL:     7   Next: 4%
Magic:  7/7        EV: 12    Int: 10    God:    Beogh [**....]
Gold:   115        SH:  3    Dex: 13    Spells: 6/6 levels left

rFire    . . .     SeeInvis .   a - +0 hand axe
rCold    . . .     Gourm    .   e - +0 buckler
rNeg     . . .     Faith    .   y - +0 leather armour
rPois    .         Spirit   .   (no helmet)
rElec    .         Reflect  .   q - +0 cloak
rCorr    .         Harm     .   s - +2 pair of gloves
MR       .....                  (no boots)
Stlth    ++........             (no amulet)
HPRegen  0.20/turn              l - ring of fire
MPRegen  0.10/turn              f - ring of ice

@: very slightly contaminated
A: no striking features
a: Smiting, Renounce Religion


You were on level 4 of the Dungeon.
You worshipped Beogh.
Beogh was pleased with you.
You were not hungry.

You visited 1 branch of the dungeon, and saw 4 of its levels.

You collected 115 gold pieces.

Inventory:

Hand Weapons
 a - a +0 hand axe (weapon)
 z - a +0 war axe
Missiles
 x - 14 poisoned darts (quivered)
Armour
 e - a +0 buckler (worn)
 q - a +0 cloak (worn)
 s - a +2 pair of gloves (worn)
 y - a +0 leather armour (worn)
Jewellery
 f - a ring of ice (right hand)
 l - a ring of fire (left hand)
 v - an uncursed ring of magical power
Scrolls
 b - 2 scrolls of enchant weapon {unknown}
 g - 2 scrolls of amnesia {unknown}
 h - 3 scrolls of teleportation {unknown}
 i - 2 scrolls of identify
 j - a scroll of random uselessness {unknown}
 m - a scroll of enchant armour {unknown}
 o - a scroll of blinking {unknown}
 w - 2 scrolls of fog {unknown}
 A - a scroll of immolation {unknown}
Potions
 k - a potion of haste
 n - a potion of flight
Comestibles
 c - 5 rations
 d - 4 chunks of flesh


   Skills:
 - Level 4.4 Fighting
 + Level 9.0 Axes
 + Level 0.3 Throwing
 - Level 2.0 Armour
 - Level 2.5 Dodging
 - Level 1.5 Stealth
 - Level 0.8 Shields


You had 6 spell levels left.
You didn't know any spells.
Your spell library was empty.

Dungeon Overview and Level Annotations

Branches:
Dungeon (4/15)
 Temple: D:4-7

Altars:
Uskayaw


Message History

You hit something. Beogh accepts your kill.
Reactivating autopickup.
Your Axes skill increases to level 9!
You have reached level 7!
You feel a bit more experienced.
You closely miss the orc. The orc completely misses you.
You closely miss the orc. You hit the orc but do no damage.
The orc hits you with a +0 morningstar.
* * * LOW HITPOINT WARNING * * *
You fade into invisibility!
The orc closely misses you.
You are very lightly contaminated with residual magic.
You barely miss the orc. The orc closely misses you.
You flicker for a moment.
You flicker back into view.
The orc hits you with a +0 morningstar.
* * * LOW HITPOINT WARNING * * *
The orc hits you with a +0 morningstar!
You die...

..#.#.#.# ###### .....#...#.#
#..... .....##..#.######.# #.####
.... #........^..# #.# .....
##.#.#############.# #.#.#.
.....##.........#......#.# #.#.#.
...........####.#.####.#.# #.#.##
...........# #o#<.###.#.#.#.#...
.....(.....# #.@...((.#.#.#.#.##
..............#.....#(.#.#.#.#...
....###'#..##.#...#.#..#.#.#.#.##
#### #...># #..<..#..#.#.#.....
####.# #...###..#.#.###.## #.#
#..........#...#.# #.#
#..#.........#.#.# #.#
#..#.##........#.## #.
#.####.###...


You could see an orc.

Vanquished Creatures
  2 scorpions (D:4)
  An orc priest (D:4)
  A bullfrog skeleton (D:4)
  3 orc wizards
  3 worker ants (D:4)
  5 adders
  2 oozes (D:1)
  An adder skeleton (D:4)
  2 dart slugs
  A leopard gecko (D:4)
  7 orcs
  6 bats
  20 giant cockroaches
  3 hobgoblins
  6 jackals (D:1)
  5 kobolds
  2 quokkas
  7 frilled lizards
  5 goblins
  2 rats
84 creatures vanquished.

Vanquished Creatures (others)
  A leopard gecko (D:4)
  An orc (D:4)
2 creatures vanquished.

Grand Total: 86 creatures vanquished

Notes
Turn   | Place    | Note
-------+----------+-------------------------------------------
     0 | D:1      | Delamore the Hill Orc Monk began the quest for the Orb.
     0 | D:1      | Reached XP level 1. HP: 19/19 MP: 1/1
   242 | D:1      | Reached XP level 2. HP: 20/27 MP: 2/2
   465 | D:1      | Reached skill level 1 in Armour
   565 | D:1      | Reached XP level 3. HP: 25/33 MP: 3/3
  1201 | D:2      | Reached skill level 5 in Axes
  1514 | D:3      | Reached XP level 4. HP: 32/40 MP: 4/4
  2159 | D:3      | Found a hide-covered altar of Uskayaw.
  2218 | D:3      | Reached skill level 6 in Axes
  2218 | D:3      | Reached XP level 5. HP: 35/47 MP: 5/5
  2640 | D:4      | Became a worshipper of Beogh the Brigand
  2640 | D:4      | Reached * piety under Beogh
  2640 | D:4      | Reached ** piety under Beogh
  2763 | D:4      | Reached skill level 7 in Axes
  2763 | D:4      | Reached XP level 6. HP: 27/53 MP: 6/6
  2956 | D:4      | Reached skill level 8 in Axes
  3282 | D:4      | Reached skill level 9 in Axes
  3282 | D:4      | Reached XP level 7. HP: 6/60 MP: 7/7
  3286 | D:4      | HP: 1/60 [orc/+0 morningstar (6)]
  3312 | D:4      | HP: 1/60 [orc/+0 morningstar (6)]
  3315 | D:4      | Mangled by an orc

Levels and vault maps discovered:
D:1:      matt_arrival_los_fun, layout_basic, palyth_stone_intersect
D:2:      layout_loops_corners, minmay_misc_feat_encased
D:3:      minmay_roachtagon, layout_basic, overflow_temple_1_default
D:4:      layout_basic, lemuel_doored_altar, gammafunk_ghost_nasty_kobolds

Skill      XL: |  1  2  3  4  5  6 |
---------------+-------------------+-----
Armour         | 1 2 |  2.0
Fighting       | 4 |  4.4
Axes           | 5 6 7 9 |  9.0
Throwing       | |  0.3
Dodging        | |  2.5
Stealth        | |  1.5
Shields        | |  0.8

Action                   |  1- 3 |  4- 6 |  7- 9 || total
-------------------------+-------+-------+-------++-------
Melee: Hand axe          |   132 |   247 |     4 ||   383
Throw: Dart              |       |     8 |       ||     8
       Throwing net      |       |     1 |       ||     1
Invok: Convert to Beogh  |       |     1 |       ||     1
  Use: Scroll            |       |     6 |       ||     6
       Potion            |       |     3 |     1 ||     4
 Stab: Sleeping          |     2 |     1 |       ||     3
  Eat: Chunk             |     1 |     5 |       ||     6
       Ration            |       |     1 |       ||     1
Armor: Robe              |    28 |    30 |       ||    58
       Leather armour    |       |    63 |       ||    63
Dodge: Dodged            |    87 |   125 |     3 ||   215
Block: Buckler           |    16 |    41 |       ||    57
